 Dungeon Crawl Stone Soup version 0.19.5 (webtiles) character file.

15385 tognito the Fighter (level 12, -3/174 HPs)
             Began as a Minotaur Berserker on Apr 2, 2017.
             Was a High Priest of Trog.
             Slain by Hybris's ghost (14 damage)
             ... on level 13 of the Dungeon.
             The game lasted 00:34:44 (12108 turns).

tognito the Fighter (Minotaur Berserker)           Turns: 12108, Time: 00:34:45

Health: -3/174     AC: 20    Str: 34    XL:     12   Next: 0%
Magic:  11/11      EV: 12    Int:  4    God:    Trog [*****.]
Gold:   722        SH:  0    Dex: 11    Spells: 0 memorised, 11 levels left

rFire  . . .     SeeInvis .     a - +3 battleaxe (chop)
rCold  . . .     Gourm    .     n - +0 plate armour
rNeg   . . .     Faith    .     (shield currently unavailable)
rPois  .         Spirit   .     (helmet restricted)
rElec  .         Reflect  .     l - +0 cloak (curse)
rCorr  .         Harm     .     J - +1 pair of gloves
MR     .....                    w - +1 pair of boots
Stlth  ..........               (no amulet)
                                A - +3 ring of strength
                                m - +3 ring of slaying

@: berserking, very quick
A: retaliatory headbutt, horns 2
a: Berserk, Trog's Hand, Brothers in Arms, Burn Spellbooks, Renounce Religion


You were on level 13 of the Dungeon.
You worshipped Trog.
Trog was extremely pleased with you.
You were hungry.

You visited 1 branch of the dungeon, and saw 13 of its levels.

You collected 722 gold pieces.

Inventory:

Hand Weapons
 a - a +3 battleaxe of chopping (weapon)
 b - a +0 hand crossbow
Missiles
 h - 63 bolts
Armour
 k - a +0 pair of gloves
 l - a cursed +0 cloak (worn)
 n - a +0 plate armour (worn)
 w - a +1 pair of boots (worn)
 J - a +1 pair of gloves (worn)
Jewellery
 m - a +3 ring of slaying (left hand)
 s - an uncursed ring of protection from cold
 t - a +2 ring of dexterity
 A - a +3 ring of strength (right hand)
 F - an uncursed ring of see invisible
 I - a +3 ring of intelligence
 P - an uncursed ring of protection from magic {unknown}
Wands
 g - a wand of flame (33/48)
 o - a wand of enslavement (19/24)
 q - a wand of digging (19/24)
 v - a wand of hasting (2/9)
 x - a wand of acid (8/15)
 z - a wand of slowing (18/48)
 C - a wand of teleportation (3/9)
 E - a wand of confusion (24/48)
 Q - a wand of flame (22/48)
Scrolls
 d - 6 scrolls of identify
 e - 3 scrolls of recharging
 u - 2 scrolls of remove curse
 y - 2 scrolls of teleportation
 G - a scroll of fog
 H - a scroll of magic mapping
 N - a scroll of acquirement {unknown}
 O - 2 scrolls of enchant armour
Potions
 p - 3 potions of heal wounds
 D - a potion of might
 K - 2 potions of magic
 L - a potion of curing
 M - a potion of berserk rage
Comestibles
 c - 12 bread rations
 f - 7 meat rations
 i - a royal jelly
 j - 4 slices of pizza
 r - 6 beef jerkies
 B - 8 fruits


   Skills:
 * Level 13.8 Fighting
 * Level 13.6 Axes
 + Level 9.6 Armour
 + Level 8.9 Dodging


You had 11 spell levels left.
You didn't know any spells.

Dungeon Overview and Level Annotations

Branches:
Dungeon (13/15)            Temple (0/1) D:4            Lair (0/6) D:9
    Orc (0/2) D:12
 Vaults: D:13-14

Altars:
Okawaru
Vehumet
Yredelemnul

Annotations:
D:13 Hybris's ghost, journeyman OgFi


Innate Abilities, Weirdness & Mutations

You reflexively headbutt those who attack you in melee.
You have a pair of horns on your head.


Message History

Hybris's ghost hits you but does no damage.
A red film seems to cover your vision as you go berserk!
You feel yourself moving faster!
You feel mighty!
You are feeling hungry.
Hybris's ghost hits you but does no damage.
You hit Hybris's ghost.
Hybris's ghost is moderately damaged.
You closely miss Hybris's ghost.
Hybris's ghost is moderately damaged.
Hybris's ghost hits you but does no damage.
You slash Hybris's ghost!
Hybris's ghost is heavily damaged.
Hybris's ghost completely misses you. You furiously retaliate!
You headbutt Hybris's ghost! You slice Hybris's ghost!!
Hybris's ghost is severely damaged.
You slash Hybris's ghost! You headbutt Hybris's ghost!
Hybris's ghost is almost destroyed.
Hybris's ghost hits you!
You die...

..(. #......... ...(
#......... .....
#../...... .....
#......... ..(...
#......... .....(###
#......... #.OW.#
#.....)...
#@########...# #.
###.†.(......#.####.
........†....(......##.
.######..........##.##.
#..).......##<##.
#..........##(.#.
#..........###)).
#..........# #..(
#..........# #...


You could see a two-headed ogre and Hybris's ghost.

Vanquished Creatures
  A centaur warrior (D:13)
  The ghost of spiff the Carver, a novice HEAs of Dithmenos (D:10)
  An unseen horror (D:11)
  2 hill giants
  A manticore (D:12)
  Maurice (D:9)
  Joseph (D:7)
  A centaur skeleton (D:10)
  A komodo dragon (D:12)
  A troll (D:10)
  A two-headed ogre (D:9)
  2 blink frogs (D:9)
  4 slime creatures (D:9)
  4 hippogriffs
  A spriggan (D:7)
  5 yaks (D:9)
  A human (D:3)
  2 wyverns
  Eustachio (D:6)
  A yak (shapeshifter) (D:12)
  The ghost of Hector the Poker, an amateur HuGl (D:4)
  A porcupine (D:9)
  3 sky beasts
  6 orc warriors
  A swamp drake (D:12)
  5 ice beasts
  An eye of draining (D:12)
  9 ogres
  6 centaurs
  A big kobold (D:11)
  5 bullfrogs
  A gnoll sergeant (D:8)
  A water moccasin zombie (D:9)
  3 scorpions
  4 wights (D:5)
  5 killer bees (D:13)
  5 crimson imps
  4 centaur zombies (D:10)
  4 howler monkeys
  2 bullfrog zombies
  A quasit (D:6)
  5 orc priests
  4 hounds
  A human zombie (D:3)
  2 jellies
  15 orc wizards
  A bullfrog skeleton (D:10)
  3 iguanas
  8 worker ants
  2 hound skeletons
  A hound zombie (D:5)
  A worker ant zombie (D:11)
  17 gnolls
  8 adders
  2 shadow imps (D:12)
  An adder zombie (D:8)
  An ooze (D:4)
  An adder skeleton (D:5)
  5 worms
  3 dart slugs
  4 leopard geckos
  62 orcs
  A ball python (D:6)
  6 giant cockroaches
  5 goblins
  8 hobgoblins
  7 jackals
  5 kobolds
  4 quokkas
  6 bats
  6 frilled lizards
  A jackal zombie (D:3)
  4 rats
  A butterfly (D:4)
303 creatures vanquished.

Vanquished Creatures (collateral kills)
  Erolcha (D:9)
  A sky beast (D:9)
  2 bullfrogs (D:9)
  An orc wizard (D:9)
  2 orcs (D:9)
7 creatures vanquished.

Grand Total: 310 creatures vanquished

Notes
Turn   | Place    | Note
-------+----------+-------------------------------------------
     0 | D:1      | tognito the Minotaur Berserker began the quest for the Orb.
     0 | D:1      | Reached XP level 1. HP: 19/19 MP: 0/0
   278 | D:1      | Reached XP level 2. HP: 26/27 MP: 1/1
   681 | D:2      | Reached XP level 3. HP: 27/33 MP: 2/2
  1314 | D:2      | Reached ** piety under Trog
  1458 | D:2      | Reached XP level 4. HP: 40/41 MP: 3/3
  1552 | D:3      | Found a runed door.
  1552 | D:3      | Noticed a human
  1560 | D:3      | Found a basalt altar of Yredelemnul.
  1572 | D:3      | Reached skill level 5 in Axes
  1776 | D:3      | Reached skill level 5 in Fighting
  1776 | D:3      | Reached XP level 5. HP: 25/48 MP: 4/4
  2188 | D:3      | Killed a human
  2188 | D:3      | Reached XP level 6. HP: 24/57 MP: 5/5
  2675 | D:3      | Noticed an orc warrior
  2687 | D:3      | Killed an orc warrior
  2881 | D:4      | Reached XP level 7. HP: 54/64 MP: 6/6
  2908 | D:4      | Noticed Hector's ghost (amateur HuGl)
  2913 | D:4      | Killed Hector's ghost
  2915 | D:4      | Reached *** piety under Trog
  3244 | D:4      | Found a staircase to the Ecumenical Temple.
  3528 | D:5      | Entered Level 5 of the Dungeon
  3549 | D:5      | Reached XP level 8. HP: 27/74 MP: 7/7
  3899 | D:5      | Reached skill level 5 in Armour
  5095 | D:5      | Reached skill level 5 in Dodging
  5202 | D:5      | Reached **** piety under Trog
  5755 | D:5      | Gained mutation: You occasionally shout uncontrollably at your foes. [potion of mutation]
  5755 | D:5      | Gained mutation: Your body sometimes deteriorates upon taking damage. [potion of mutation]
  5755 | D:5      | Gained mutation: You are partially covered in icy blue scales. (AC +2) [potion of mutation]
  5849 | D:6      | Reached XP level 9. HP: 83/83 MP: 8/8
  6040 | D:6      | Found a radiant altar of Vehumet.
  6065 | D:6      | Noticed Eustachio
  6083 | D:6      | Killed Eustachio
  6353 | D:6      | Reached skill level 10 in Fighting
  6618 | D:7      | Reached skill level 10 in Axes
  6790 | D:7      | Noticed Joseph
  6804 | D:7      | Killed Joseph
  6935 | D:7      | Reached ***** piety under Trog
  7469 | D:8      | Reached XP level 10. HP: 72/94 MP: 9/9
  8112 | D:8      | Found an iron altar of Okawaru.
  8517 | D:9      | Noticed Erolcha
  8529 | D:9      | Killed Erolcha
  8908 | D:9      | Found a staircase to the Lair.
  9222 | D:9      | Noticed Maurice
  9244 | D:9      | Reached XP level 11. HP: 20/105 MP: 10/10
  9294 | D:9      | Killed Maurice
  9613 | D:9      | Lost mutation: Your body sometimes deteriorates upon taking damage. [potion of cure mutation]
  9613 | D:9      | Lost mutation: You occasionally shout uncontrollably at your foes. [potion of cure mutation]
  9613 | D:9      | Lost mutation: You are partially covered in icy blue scales. (AC +2) [potion of cure mutation]
  9717 | D:10     | Entered Level 10 of the Dungeon
  9769 | D:10     | Received a gift from Trog
 10177 | D:10     | Noticed spiff's ghost (novice HEAs)
 10187 | D:10     | Killed spiff's ghost
 10638 | D:11     | Noticed an unseen horror
 10648 | D:11     | Killed an unseen horror
 11036 | D:12     | Noticed a hill giant
 11039 | D:12     | Killed a hill giant
 11887 | D:12     | Found a staircase to the Orcish Mines.
 11998 | D:13     | Noticed a centaur warrior
 12001 | D:13     | Received a gift from Trog
 12006 | D:13     | Killed a centaur warrior
 12087 | D:13     | Noticed a hill giant
 12091 | D:13     | Killed a hill giant
 12091 | D:13     | Reached XP level 12. HP: 82/116 MP: 11/11
 12092 | D:13     | Noticed Hybris's ghost (journeyman OgFi)
 12108 | D:13     | Slain by Hybris's ghost

Skill      XL: |  1  2  3  4  5  6  7  8  9 10 11 |
---------------+----------------------------------+-----
Fighting       | 4 5 6 7 9 10 12 13 | 13.8
Axes           | 4 5 6 7 8 10 12 13 | 13.6
Armour         | 3 4 6 7 8 9 |  9.6
Dodging        | 3 4 5 6 7 8 |  8.9

Action                   |  1- 3 |  4- 6 |  7- 9 | 10-12 || total
-------------------------+-------+-------+-------+-------++-------
Melee: Hand axe          |    77 |   104 |   197 |       ||   378
       Headbutt          |    12 |    24 |    58 |    47 ||   141
       War axe           |       |       |    40 |    99 ||   139
       Battleaxe         |       |       |       |   109 ||   109
 Fire: Shortbow          |       |       |   101 |       ||   101
       Longbow           |       |       |     2 |    21 ||    23
       Hand crossbow     |       |       |       |   126 ||   126
Invok: Berserk           |       |       |     2 |     1 ||     3
       Burn Spellbooks   |       |       |       |     4 ||     4
       Brothers in Arms  |       |       |       |     1 ||     1
  Use: Potion            |     3 |       |     4 |     4 ||    11
       Scroll            |       |       |    13 |     9 ||    22
  Eat: Chunk             |     2 |     5 |    16 |    15 ||    38
Armor: Scale mail        |    24 |    26 |       |       ||    50
       Plate armour      |       |     1 |   132 |   140 ||   273
Dodge: Dodged            |    46 |    44 |    88 |   118 ||   296
